 Dungeon Crawl Stone Soup version 0.18-a0-884-gb6cfd45 (webtiles) character file.

4837 st0uf the Nimble (level 10, 0/91 HPs)
             Began as a Minotaur Berserker on Dec 22, 2015.
             Was a High Priest of Trog.
             Slain by a porcupine (5 damage)
             ... on level 9 of the Dungeon.
             The game lasted 00:39:50 (11554 turns).

st0uf the Nimble (Minotaur Berserker)              Turns: 11554, Time: 00:39:51

Health: 0/91       AC:  3    Str: 23    XL:     10   Next: 25%
Magic:  9/9        EV: -3    Int:  6    God:    Trog [*****.]
Gold:   290        SH:  0    Dex: 10    Spells: 0 memorised, 9 levels left

rFire  . . .     SeeInvis .     a - +0 falchion
rCold  . . .     Gourm    .     b - +0 animal skin
rNeg   + + +     Faith    .     r - +0 buckler
rPois  ∞         Spirit   .     (helmet restricted)
rElec  .         Dismiss  +     J - +0 cloak
rCorr  .         Reflect  .     (no gloves)
SustAt +         Harm     .     (no boots)
MR     .....                    e - amulet of dismissal
Stlth  +.........               U - ring of sustain attributes
                                d - ring of poison resistance

@: petrified, not resistant to hostile enchantments, very unstealthy
A: retaliatory headbutt, horns 2
a: Berserk, Trog's Hand, Brothers in Arms, Burn Spellbooks, Renounce Religion


You were on level 9 of the Dungeon.
You worshipped Trog.
Trog was extremely pleased with you.
You were not hungry.

You visited 1 branch of the dungeon, and saw 9 of its levels.

You collected 465 gold pieces.
You spent 175 gold pieces at shops.

Inventory:

Hand Weapons
 a - a +0 falchion (weapon)
Armour
 b - a +0 animal skin (worn)
 r - a +0 buckler (worn)
 C - a cursed +0 large shield
 J - a +0 cloak (worn)
 K - a mottled dragon hide
Jewellery
 d - a ring of poison resistance (left hand)
 e - an amulet of dismissal (around neck)
 x - a +1 ring of evasion
 O - an uncursed ring of positive energy
 U - a ring of sustain attributes (right hand)
Wands
 f - a wand of flame (23/48)
 F - a wand of enslavement (6/24)
 H - a wand of magic darts (30/48)
 L - a wand of random effects (17/48)
 P - a wand of fire (4/15)
 R - a wand of random effects (30/48)
 S - a wand of random effects (11/48)
Scrolls
 i - 4 scrolls of teleportation {unknown}
 j - 10 scrolls of identify
 k - 3 scrolls of recharging {unknown}
 l - a scroll of enchant weapon {unknown}
 m - a scroll of noise {unknown}
 q - 5 scrolls of remove curse
 s - a scroll of random uselessness {unknown}
 t - a scroll of immolation {unknown}
 u - 2 scrolls of enchant armour {unknown}
 w - 3 scrolls of fog {unknown}
 D - 2 scrolls of magic mapping
 Q - a scroll of brand weapon {unknown}
 V - a scroll of acquirement {unknown}
Potions
 g - 2 potions of heal wounds {unknown}
 h - a potion of degeneration {unknown}
 n - 3 potions of curing {unknown}
 o - 4 potions of lignification {unknown}
 v - 2 potions of resistance {unknown}
 z - a potion of haste {unknown}
 B - a potion of brilliance {unknown}
 N - a potion of flight {unknown}
Books
 y - a book of Power

   Spells                             Type                      Level
   a - Fulminant Prism                Conjuration/Hexes            4
   b - Iskenderun's Mystic Blast      Conjuration                  4
   c - Venom Bolt                     Conjuration/Poison           5
   d - Bolt of Magma                  Conjuration/Fire/Earth       5
   e - Iron Shot                      Conjuration/Earth            6
   f - Orb of Destruction             Conjuration                  7
   g - Spellforged Servitor           Conjuration/Summoning        7
   Trog disapproves of the use of such an item.
 I - An Early Guide to Sorcery
   (You found it on level 5 of the Dungeon)

   Spells                             Type                      Level
   a - Swiftness                      Charms/Air                   2
   b - Throw Frost                    Conjuration/Ice              2
   c - Ensorcelled Hibernation        Hexes/Ice                    2
   d - Cure Poison                    Poison                       2
   e - Stoneskin                      Transmutation/Earth          2
   Trog disapproves of the use of such an item.
 W - a book of Flames

   Spells                             Type                      Level
   a - Flame Tongue                   Conjuration/Fire             1
   b - Throw Flame                    Conjuration/Fire             2
   c - Conjure Flame                  Conjuration/Fire             3
   d - Inner Flame                    Hexes/Fire                   3
   e - Sticky Flame                   Conjuration/Fire             4
   f - Fireball                       Conjuration/Fire             5
   Trog disapproves of the use of such an item.
Comestibles
 c - 8 bread rations
 p - 5 meat rations
 A - 5 fruits
 E - 2 slices of pizza
 G - 2 beef jerkies
 M - 2 royal jellies
 T - 7 chunks of flesh


   Skills:
 + Level 9.5 Fighting
 + Level 9.7 Long Blades
 + Level 2.6 Armour
 + Level 11.0 Dodging
 + Level 5.0 Shields


You had 9 spell levels left.
You didn't know any spells.

Dungeon Overview and Level Annotations

Branches:
Dungeon (9/15)             Temple (0/1) D:6            Lair (0/8) D:9
    Orc: D:9-12

Altars:
Dithmenos
Fedhas
Makhleb
Nemelex Xobeh
Sif Muna
Trog
Xom

Shops:
D:5 ?


Innate Abilities, Weirdness & Mutations

You reflexively headbutt those who attack you in melee.
You have a pair of horns on your head.


Message History

The basilisk gazes at you. The porcupine bites you! The yak gores you!
* * * LOW HITPOINT WARNING * * *
The basilisk gazes at you. The porcupine bites you!
* * * LOW HITPOINT WARNING * * *
The yak gores you.
The basilisk bites you but does no damage.
The porcupine bites you!
* * * LOW HITPOINT WARNING * * *
The yak gores you.
* * * LOW HITPOINT WARNING * * *
The basilisk bites you!
* * * LOW HITPOINT WARNING * * *
The porcupine bites you.
* * * LOW HITPOINT WARNING * * *
The yak gores you!
* * * LOW HITPOINT WARNING * * *
The porcupine bites you!
You die...

#$.####..##
..........
..........
#.........
#.........
#.........
#.........
#†@.......
#rYl......
...........
.............
#####.........
#...t.....
#..........#
#..........#
≈≈. ...# #..#
≈..


You could see a yak, a basilisk, a crocodile and a porcupine.

Vanquished Creatures
  3 yaks
  A hippogriff (D:4)
  Eustachio (D:4)
  A mottled dragon (D:6)
  A hungry ghost (D:8)
  3 orc warriors
  6 ogres
  2 sky beasts
  2 phantoms
  2 porcupines (D:8)
  2 ice beasts
  3 centaurs
  A crocodile (D:9)
  7 giant frogs
  A water moccasin zombie (D:5)
  3 scorpions
  3 crimson imps
  3 hounds
  2 giant frog zombies (D:5)
  2 iguanas
  A jelly (D:7)
  3 giant frog skeletons
  5 orc priests
  A quasit (D:5)
  Jessica (D:3)
  4 orc wizards
  Ijyb (D:3)
  9 worker ants
  2 hound skeletons
  13 adders
  6 gnolls
  A river rat (D:9)
  2 worker ant zombies
  2 shadow imps
  2 oozes
  2 adder zombies (D:1)
  4 adder skeletons
  4 giant geckos
  30 orcs
  2 ball pythons
  8 bats
  7 giant cockroaches
  15 goblins
  8 hobgoblins
  11 jackals
  3 kobolds
  2 quokkas (D:6)
  A giant gecko skeleton (D:5)
  A giant gecko zombie (D:5)
  10 giant newts
  2 quokka skeletons
  A quokka zombie (D:8)
  9 rats
  A butterfly (D:6)
223 creatures vanquished.

Vanquished Creatures (others)
  3 plants (D:9)
3 creatures vanquished.

Grand Total: 226 creatures vanquished

Notes
Turn   | Place    | Note
--------------------------------------------------------------
     0 | D:1      | st0uf the Minotaur Berserker began the quest for the Orb.
     0 | D:1      | Reached XP level 1. HP: 19/19 MP: 0/0
   126 | D:1      | Reached skill level 4 in Fighting
   126 | D:1      | Reached XP level 2. HP: 17/27 MP: 1/1
   539 | D:1      | Reached XP level 3. HP: 26/34 MP: 2/2
  1246 | D:2      | Reached ** piety under Trog
  1409 | D:2      | Found a faded altar to an unknown god.
  1537 | D:2      | Reached XP level 4. HP: 24/41 MP: 3/3
  1826 | D:2      | Found a bloodstained altar of Trog.
  2106 | D:2      | Found a burning altar of Makhleb.
  2597 | D:3      | Reached skill level 5 in Fighting
  2597 | D:3      | Reached XP level 5. HP: 12/48 MP: 4/4
  2789 | D:3      | Noticed Ijyb
  2792 | D:3      | Noticed Jessica
  2808 | D:3      | Killed Ijyb
  2808 | D:3      | Reached skill level 5 in Long Blades
  2817 | D:3      | Killed Jessica
  2817 | D:3      | Reached skill level 1 in Shields
  3083 | D:4      | Noticed a phantom
  3110 | D:4      | Killed a phantom
  3110 | D:4      | Reached XP level 6. HP: 35/56 MP: 5/5
  3392 | D:4      | Reached skill level 5 in Dodging
  3854 | D:4      | Reached XP level 7. HP: 54/62 MP: 6/6
  3983 | D:4      | Noticed Eustachio
  4001 | D:4      | Killed Eustachio
  4001 | D:4      | Reached skill level 6 in Dodging
  4226 | D:4      | Reached *** piety under Trog
  4379 | D:4      | Found a shadowy altar of Dithmenos.
  4403 | D:5      | Entered Level 5 of the Dungeon
  4714 | D:5      | Reached skill level 7 in Dodging
  4765 | D:5      | Found Geonkata's Magic Scroll Boutique.
  4781 | D:5      | Reached XP level 8. HP: 70/70 MP: 7/7
  4890 | D:5      | Bought a scroll of identify for 28 gold pieces
  4890 | D:5      | Bought a scroll of identify for 28 gold pieces
  4890 | D:5      | Bought a scroll of identify for 28 gold pieces
  4890 | D:5      | Bought a scroll of remove curse for 42 gold pieces
  4890 | D:5      | Bought a scroll of magic mapping for 49 gold pieces
  5753 | D:5      | Reached skill level 8 in Dodging
  6196 | D:5      | Identified An Early Guide to Sorcery
  6889 | D:6      | Reached skill level 9 in Dodging
  6943 | D:6      | Found a blossoming altar of Fedhas.
  7032 | D:6      | Found a shimmering altar of Xom.
  7266 | D:6      | Reached XP level 9. HP: 79/79 MP: 8/8
  7933 | D:6      | Reached **** piety under Trog
  8194 | D:6      | Found a staircase to the Ecumenical Temple.
  9256 | D:7      | Found a burning altar of Makhleb.
  9507 | D:7      | Reached skill level 10 in Dodging
 10110 | D:7      | Found a sparkling altar of Nemelex Xobeh.
 10528 | D:8      | Found a deep blue altar of Sif Muna.
 10805 | D:8      | Reached XP level 10. HP: 83/91 MP: 9/9
 11220 | D:9      | Found a staircase to the Lair.
 11239 | D:8      | Reached skill level 11 in Dodging
 11239 | D:8      | Reached skill level 5 in Shields
 11484 | D:8      | Reached ***** piety under Trog
 11554 | D:9      | Slain by a porcupine

Vault maps used:
D:1:      saegor_arrival_fortress, minmay_ruptured
D:2:      lightli_temple_of_fire, nicolae_overflow_hidden_temple,
          ecumenical_altar_2, first_bread
D:3:      kennysheep_the_goblin_king, uniq_iyjb, uniq_jessica
D:4:      kennysheep_mini, uniq_eustachio
D:5:      kennysheep_windowed_halls, serial_shops, nicolae_shop_waterfront,
          serial_bayou_lake_a
D:6:      fedhas_bush_and_centaur_altar, xom_butterflies,
          minmay_temple_entry_purple_smoke
D:7:      kennysheep_mini_moat, bloody_makhleb
D:8:      old_standard_altar
D:9:      elyvilon_altar_4, minmay_lair_entry_grove, orc_0_dummy, serial_shops,
          shop, basic_altar

Action                   |  1- 3 |  4- 6 |  7- 9 | 10-12 || total
-------------------------+-------+-------+-------+-------++-------
Melee: Falchion          |    87 |   128 |   500 |    59 ||   774
Invok: Berserk           |       |     1 |     3 |     1 ||     5
       Trog's Hand       |       |     1 |     1 |       ||     2
 Stab: Sleeping          |     1 |     1 |       |       ||     2
  Eat: Chunk             |     2 |     8 |    27 |     5 ||    42
